AoeStats
← Bloody5115

Arena

509323567Analyzed
1v1 RM · 7d ago on Sep 26, 2026· 32m 59s· 2 players
Game mode
Random Map
Map size
Tiny (2 player)
Population
200
Speed
Normal
Resources
Standard
Victory
Conquest
Starting age
Dark Age
Ending age
Imperial Age
RankedLock teamsTeams togetherTeam positionsShared explorationLock speedFull tech treeHidden civsTurbo modeCheats
Victory
Defeat
🇩🇪 Danes · Germany
422
+14
🇺🇸 Vietnamese · United States
385
-14
Bloody5115
12:03 Feudal Age
12:37 Double-Bit Axe
12:33 Horse Collar
21:03 Castle Age
24:06 Stone Mining
24:45 Bow Saw
24:45 Heavy Plow
27:40 Fletching
27:51 Padded Archer Armor
28:03 Forging
28:00 Scale Barding Armor
30:13 Gold Mining
AbortoAndale
10:15 Feudal Age
14:24 Castle Age
13:29 Double-Bit Axe
21:15 Bow Saw
22:43 Scale Mail Armor
23:10 Horse Collar
24:13 Chain Mail Armor
24:09 Forging
27:11 Iron Casting
27:13 Stone Mining
27:14 Gold Mining
32:48 Imperial Age
32:52 Elite Jomsviking
34:34 Blast Furnace
Connection lost

Rejoining the realm…

Still unreachable

The connection could not be restored.

Session expired

The server has moved on; the page needs a fresh start.